Connexion

Wolf Pack vs Barracuda

Created - 22 août 2023 at 05:55

Goals
1 2 3 T
Wolf Pack 1 0 1 2
Barracuda 2 1 0 3
Shots
1 2 3 T
Wolf Pack 15 9 3 27
Barracuda 10 7 9 26

GoalsPenalties
1st period
1. Barracuda , Trent Frederic 6 (Adam Cracknell 8, Matthew Phillips 6) at 0:26
2. Wolf Pack , Jeremy Bracco 7 (Joe Thornton 7) at 9:54
3. Barracuda , Matthew Phillips 6 (Andy Welinski 7) at 12:23
No Penalty
2nd period
4. Barracuda , Matthew Phillips 7 (Scott Harrington 8, Robert Bortuzzo 3) at 2:22
No Penalty
3rd period
5. Wolf Pack , Joe Thornton 7 (Michael Kapla 8) at 9:23
Brad Richardson (HAR) for Slashing (Minor) at 7:08
Kyle Wood (HAR) for Slashing (Minor) at 12:14
Goalie Stats
Mads Sogaard (HAR), 23 saves from 26 shots - (0,885), L, 3-6-1, 59:41 minutes
Ken Appleby (SAN), 25 saves from 27 shots - (0,926), W, 5-3-1, 60:00 minutes
3 StarsOfficial
1 - Matthew Phillips (SAN)
2 - Joe Thornton (HAR)
3 - Trent Frederic (SAN)
Referees : Dennis LaRue and Brian Pochmara
Linesman : Jay Sharrers and Vaughan Rody
Game Note
No Game Note
Finance
Level 1 -- Attendance: 1800 (90,00%) -- Ticket Income 63 000 $
Level 2 -- Attendance: 937 (93,70%) -- Ticket Income 14 055 $
Total Attendance: 2737 (91,23%)
Total Ticket Income: 77 055 $
Other Income: 15 411 $
Total Income: 92 466 $



Team Name Goals Shots Shots Attemp Shots Blocked PIM HIT PP PK FO%
Wolf Pack 2276084330 / 0 (0,00%046%
Barracuda 32669100240 / 2 (0%)054%

Wolf Pack
Player Name POS G A P +/- PIM HIT SHT SB MP PP MP PP SHT PK MP PK SHT FO% FOT
Ben HolmstromC/RW000-2020019:290:0001:10032% 19
Brad RichardsonC/LW/RW000-2241019:390:0000:440100% 1
Cole BardreauC/RW0002045117:020:0000:000100% 1
Daniel WalcottD0000050021:150:0002:1400% 0
Dave GustRW000-2000021:000:0002:04050% 2
Emile PoirierLW/RW000-1025013:530:0000:4200% 0
Henri IkonenC/LW000-1033022:450:0002:04045% 20
Jeremy BraccoLW/RW1012003017:020:0000:00050% 2
Joe ThorntonC1122005017:020:0000:00064% 14
Kyle WoodD0000230016:200:0000:3700% 0
Luke WitkowskiRW000-1053014:230:0001:12067% 3
Matt DonovanD000-1010422:460:0001:2900% 0
Michael KaplaD0110001116:320:0000:4800% 0
Nick LappinC/RW000000006:530:0000:00029% 7
Seth HelgesonD0000011120:330:0001:3200% 0
Shane BowersC/RW000000006:530:0000:0000% 0
Ty RonningRW000000000:000:0000:0000% 0
Tyler WotherspoonD000-1030122:330:0001:1600% 0
Barracuda
Player Name POS G A P +/- PIM HIT SHT SB MP PP MP PP SHT PK MP PK SHT FO% FOT
Adam Cracknell C/LW/RW0112014021:192:3810:00043% 21
Alex DostieC/LW0000001013:430:0000:00047% 15
Alexis D'AoustC/RW0000011017:071:2000:000100% 1
Anatoly GolyshevLW/RW000-100008:150:0000:0000% 0
Andrei AltybarmakyanRW0000011113:190:0000:0000% 0
Andy WelinskiD0110002023:441:1210:0000% 0
Bode WildeD0000000015:300:4200:0000% 0
Brendan WarrenC/LW0000012117:071:2010:00059% 22
Brent GatesC/LW0000033017:071:2000:000100% 1
Fredrik OlofssonC/LW000-100317:510:0000:0000% 0
Graham KnottC/LW0000030113:430:0000:0000% 0
Jordy BelleriveC000-102207:510:0000:00086% 7
Julius BergmanD0000000115:540:4200:0000% 0
Matthew PhillipsC/RW2132005121:192:3800:0000% 0
Nicolas MelocheD0000080123:441:1200:0000% 0
Robert BortuzzoD0111020220:222:0400:0000% 0
Scott HarringtonD0111010120:462:0400:0000% 0
Trent FredericC/LW1012012021:192:3800:0000% 2



Play-by-Play

1st period


0:01 of 1st period - Adam Cracknell wins face-off versus Ben Holmstrom in neutral zone.
0:14 of 1st period - Shot by Adam Cracknell .
0:14 of 1st period - Deflect By Trent Frederic.
0:14 of 1st period - Shot Misses the Net.
0:16 of 1st period - Shot by Trent Frederic.
0:16 of 1st period - Shot Misses the Net.
0:20 of 1st period - Shot by Adam Cracknell .
0:20 of 1st period - Shot Blocked by Tyler Wotherspoon.
0:22 of 1st period - Shot by Adam Cracknell .
0:22 of 1st period - Shot Misses the Net.
0:24 of 1st period - Shot by Adam Cracknell .
0:24 of 1st period - Stopped by Mads Sogaard with a rebound.
0:26 of 1st period - Shot by Trent Frederic.
0:26 of 1st period - Goal by Trent Frederic - Wolf Pack : 0 - Barracuda : 1.
0:27 of 1st period - Brendan Warren wins face-off versus Henri Ikonen in neutral zone.
0:50 of 1st period - Shot by Henri Ikonen.
0:50 of 1st period - Stopped by Ken Appleby without a rebound.
0:51 of 1st period - Joe Thornton wins face-off versus Alex Dostie in Barracuda zone.
0:58 of 1st period - Shot by Cole Bardreau.
0:58 of 1st period - Stopped by Ken Appleby with a rebound.
1:00 of 1st period - Shot by Kyle Wood.
1:00 of 1st period - Shot Blocked by Andrei Altybarmakyan.
1:02 of 1st period - Shot by Cole Bardreau.
1:02 of 1st period - Deflect By Joe Thornton.
1:02 of 1st period - Shot Misses the Net.
1:06 of 1st period - Shot by Cole Bardreau.
1:06 of 1st period - Shot Misses the Net.
1:08 of 1st period - Shot by Cole Bardreau.
1:08 of 1st period - Shot Misses the Net.
1:10 of 1st period - Shot by Michael Kapla.
1:10 of 1st period - Shot Misses the Net.
1:12 of 1st period - Shot by Jeremy Bracco.
1:12 of 1st period - Shot Misses the Net.
1:14 of 1st period - Shot by Joe Thornton.
1:14 of 1st period - Shot Misses the Net.
1:16 of 1st period - Shot by Jeremy Bracco.
1:16 of 1st period - Stopped by Ken Appleby with a rebound.
1:22 of 1st period - Shot by Joe Thornton.
1:22 of 1st period - Stopped by Ken Appleby without a rebound.
1:23 of 1st period - Jordy Bellerive wins face-off versus Nick Lappin in Barracuda zone.
2:00 of 1st period - Shot by Fredrik Olofsson.
2:00 of 1st period - Shot Misses the Net.
3:08 of 1st period - Trent Frederic is hit by Cole Bardreau and loses puck.
4:02 of 1st period - Shot by Henri Ikonen.
4:02 of 1st period - Shot Misses the Net.
4:20 of 1st period - Shot by Brendan Warren.
4:20 of 1st period - Shot Misses the Net.
4:22 of 1st period - Shot by Brent Gates.
4:22 of 1st period - Shot Blocked by Matt Donovan.
4:28 of 1st period - Shot by Brent Gates.
4:28 of 1st period - Shot Misses the Net.
4:34 of 1st period - Shot by Brendan Warren.
4:34 of 1st period - Shot Misses the Net.
4:44 of 1st period - Matt Donovan is hit by Andrei Altybarmakyan and loses puck.
4:49 of 1st period - Shot by Alex Dostie.
4:49 of 1st period - Deflect By Andrei Altybarmakyan.
4:49 of 1st period - Stopped by Mads Sogaard without a rebound.
4:50 of 1st period - Jordy Bellerive wins face-off versus Ben Holmstrom in Wolf Pack zone.
5:23 of 1st period - Shot by Jordy Bellerive.
5:23 of 1st period - Stopped by Mads Sogaard with a rebound.
5:25 of 1st period - Shot by Jordy Bellerive.
5:25 of 1st period - Stopped by Mads Sogaard without a rebound.
5:26 of 1st period - Joe Thornton wins face-off versus Alex Dostie in Wolf Pack zone.
5:28 of 1st period - Icing by Jeremy Bracco.
5:29 of 1st period - Joe Thornton wins face-off versus Brendan Warren in Wolf Pack zone.
5:55 of 1st period - Icing by Bode Wilde.
5:56 of 1st period - Ben Holmstrom wins face-off versus Brendan Warren in Barracuda zone.
5:57 of 1st period - Shot by Dave Gust.
5:57 of 1st period - Shot Misses the Net.
6:10 of 1st period - Off-side.
6:11 of 1st period - Henri Ikonen wins face-off versus Alex Dostie in neutral zone.
6:25 of 1st period - Luke Witkowski is hit by Nicolas Meloche and loses puck.
6:28 of 1st period - Shot by Emile Poirier.
6:28 of 1st period - Stopped by Ken Appleby with a rebound.
6:58 of 1st period - Icing by Andy Welinski.
6:59 of 1st period - Alex Dostie wins face-off versus Ben Holmstrom in Barracuda zone.
7:10 of 1st period - Shot by Brad Richardson.
7:10 of 1st period - Shot Misses the Net.
7:12 of 1st period - Shot by Brad Richardson.
7:12 of 1st period - Shot Misses the Net.
7:14 of 1st period - Shot by Seth Helgeson.
7:14 of 1st period - Stopped by Ken Appleby with a rebound.
7:16 of 1st period - Shot by Brad Richardson.
7:16 of 1st period - Stopped by Ken Appleby without a rebound.
7:17 of 1st period - Joe Thornton wins face-off versus Trent Frederic in Barracuda zone.
7:22 of 1st period - Shot by Joe Thornton.
7:22 of 1st period - Stopped by Ken Appleby with a rebound.
7:28 of 1st period - Shot by Cole Bardreau.
7:28 of 1st period - Stopped by Ken Appleby with a rebound.
7:30 of 1st period - Shot by Joe Thornton.
7:30 of 1st period - Shot Blocked by Robert Bortuzzo.
7:32 of 1st period - Shot by Michael Kapla.
7:32 of 1st period - Stopped by Ken Appleby without a rebound.
7:33 of 1st period - Dave Gust wins face-off versus Brendan Warren in Barracuda zone.
7:50 of 1st period - Shot by Brad Richardson.
7:50 of 1st period - Shot Misses the Net.
8:03 of 1st period - Icing by Bode Wilde.
8:04 of 1st period - Brendan Warren wins face-off versus Henri Ikonen in Barracuda zone.
8:04 of 1st period - Brendan Warren is hit by Luke Witkowski.
8:36 of 1st period - Trent Frederic is hit by Henri Ikonen and loses puck.
8:50 of 1st period - Trent Frederic is hit by Daniel Walcott and loses puck.
9:20 of 1st period - Nicolas Meloche is hit by Ben Holmstrom and loses puck.
9:31 of 1st period - Nicolas Meloche is hit by Ben Holmstrom and loses puck.
9:52 of 1st period - Shot by Jeremy Bracco.
9:52 of 1st period - Shot Misses the Net.
9:54 of 1st period - Shot by Jeremy Bracco.
9:54 of 1st period - Goal by Jeremy Bracco - Wolf Pack : 1 - Barracuda : 1.
9:55 of 1st period - Alex Dostie wins face-off versus Joe Thornton in neutral zone.
9:55 of 1st period - Graham Knott is hit by Cole Bardreau and loses puck.
10:11 of 1st period - Shot by Cole Bardreau.
10:11 of 1st period - Stopped by Ken Appleby without a rebound.
10:12 of 1st period - Brendan Warren wins face-off versus Nick Lappin in Barracuda zone.
10:20 of 1st period - Off-side.
10:21 of 1st period - Alex Dostie wins face-off versus Joe Thornton in neutral zone.
10:41 of 1st period - Jeremy Bracco is hit by Graham Knott and loses puck.
11:40 of 1st period - Shot by Brad Richardson.
11:40 of 1st period - Deflect By Dave Gust.
11:40 of 1st period - Shot Blocked by Robert Bortuzzo.
11:58 of 1st period - Julius Bergman is hit by Brad Richardson and loses puck.
12:08 of 1st period - Off-side.
12:09 of 1st period - Henri Ikonen wins face-off versus Adam Cracknell in neutral zone.
12:23 of 1st period - Shot by Matthew Phillips.
12:23 of 1st period - Goal by Matthew Phillips - Wolf Pack : 1 - Barracuda : 2.
12:24 of 1st period - Brendan Warren wins face-off versus Nick Lappin in neutral zone.
12:43 of 1st period - Shot by Brendan Warren.
12:43 of 1st period - Shot Misses the Net.
12:45 of 1st period - Shot by Brent Gates.
12:45 of 1st period - Shot Misses the Net.
12:47 of 1st period - Shot by Brent Gates.
12:47 of 1st period - Stopped by Mads Sogaard without a rebound.
12:48 of 1st period - Joe Thornton wins face-off versus Adam Cracknell in Wolf Pack zone.
13:05 of 1st period - Shot by Trent Frederic.
13:05 of 1st period - Deflect By Matthew Phillips.
13:05 of 1st period - Shot Misses the Net.
13:07 of 1st period - Shot by Trent Frederic.
13:07 of 1st period - Stopped by Mads Sogaard without a rebound.
13:08 of 1st period - Brendan Warren wins face-off versus Dave Gust in Wolf Pack zone.
13:08 of 1st period - Brendan Warren is hit by Daniel Walcott.
13:12 of 1st period - Shot by Brendan Warren.
13:12 of 1st period - Shot Misses the Net.
14:14 of 1st period - Shot by Matthew Phillips.
14:14 of 1st period - Shot Misses the Net.
14:16 of 1st period - Shot by Adam Cracknell .
14:16 of 1st period - Stopped by Mads Sogaard without a rebound.
14:17 of 1st period - Jordy Bellerive wins face-off versus Joe Thornton in Wolf Pack zone.
14:29 of 1st period - Cole Bardreau is hit by Robert Bortuzzo and loses puck.
14:34 of 1st period - Shot by Jeremy Bracco.
14:34 of 1st period - Deflect By Joe Thornton.
14:34 of 1st period - Stopped by Ken Appleby with a rebound.
14:38 of 1st period - Shot by Jeremy Bracco.
14:38 of 1st period - Shot Misses the Net.
14:44 of 1st period - Shot by Jeremy Bracco.
14:44 of 1st period - Deflect By Cole Bardreau.
14:44 of 1st period - Stopped by Ken Appleby without a rebound.
14:45 of 1st period - Henri Ikonen wins face-off versus Adam Cracknell in Barracuda zone.
15:26 of 1st period - Shot by Matthew Phillips.
15:26 of 1st period - Stopped by Mads Sogaard with a rebound.
15:38 of 1st period - Brent Gates is hit by Emile Poirier and loses puck.
16:04 of 1st period - Off-side.
16:05 of 1st period - Jordy Bellerive wins face-off versus Jeremy Bracco in neutral zone.
16:08 of 1st period - Shot by Jordy Bellerive.
16:08 of 1st period - Shot Blocked by Cole Bardreau.
16:33 of 1st period - Off-side.
16:34 of 1st period - Alex Dostie wins face-off versus Ben Holmstrom in neutral zone.
16:37 of 1st period - Ben Holmstrom is hit by Graham Knott and loses puck.
16:51 of 1st period - Brad Richardson is hit by Nicolas Meloche and loses puck.
16:59 of 1st period - Brad Richardson is hit by Nicolas Meloche and loses puck.
17:05 of 1st period - Dave Gust is hit by Nicolas Meloche and loses puck.
17:46 of 1st period - Henri Ikonen is hit by Nicolas Meloche and loses puck.
18:13 of 1st period - Icing by Kyle Wood.
18:14 of 1st period - Joe Thornton wins face-off versus Trent Frederic in Wolf Pack zone.
18:27 of 1st period - Shot by Joe Thornton.
18:27 of 1st period - Deflect By Cole Bardreau.
18:27 of 1st period - Shot Misses the Net.
18:31 of 1st period - Shot by Jeremy Bracco.
18:31 of 1st period - Stopped by Ken Appleby with a rebound.
18:33 of 1st period - Shot by Jeremy Bracco.
18:33 of 1st period - Shot Misses the Net.
18:35 of 1st period - Shot by Jeremy Bracco.
18:35 of 1st period - Shot Misses the Net.
18:37 of 1st period - Shot by Cole Bardreau.
18:37 of 1st period - Shot Misses the Net.
18:51 of 1st period - Shot by Joe Thornton.
18:51 of 1st period - Shot Blocked by Matthew Phillips.
18:58 of 1st period - Icing by Scott Harrington.
18:59 of 1st period - Adam Cracknell wins face-off versus Ben Holmstrom in Barracuda zone.
19:26 of 1st period - Shot by Ben Holmstrom.
19:26 of 1st period - Shot Misses the Net.
19:34 of 1st period - Shot by Alexis D'Aoust.
19:34 of 1st period - Shot Blocked by Seth Helgeson.
Goals for this period are 1 for Wolf Pack vs 2 for Barracuda.
Shots for this period are 15 for Wolf Pack vs 10 for Barracuda.

2nd period


0:01 of 2nd period - Luke Witkowski wins face-off versus Adam Cracknell in neutral zone.
0:12 of 2nd period - Shot by Matthew Phillips.
0:12 of 2nd period - Stopped by Mads Sogaard with a rebound.
0:18 of 2nd period - Nicolas Meloche is hit by Emile Poirier and loses puck.
0:31 of 2nd period - Shot by Luke Witkowski.
0:31 of 2nd period - Stopped by Ken Appleby without a rebound.
0:32 of 2nd period - Brent Gates wins face-off versus Ben Holmstrom in Barracuda zone.
0:32 of 2nd period - Brent Gates is hit by Brad Richardson.
0:38 of 2nd period - Brad Richardson is hit by Brendan Warren and loses puck.
0:50 of 2nd period - Icing by Seth Helgeson.
0:51 of 2nd period - Jordy Bellerive wins face-off versus Ben Holmstrom in Wolf Pack zone.
0:57 of 2nd period - Fredrik Olofsson is hit by Daniel Walcott and loses puck.
1:08 of 2nd period - Shot by Fredrik Olofsson.
1:08 of 2nd period - Stopped by Mads Sogaard without a rebound.
1:09 of 2nd period - Adam Cracknell wins face-off versus Henri Ikonen in Wolf Pack zone.
1:14 of 2nd period - Shot by Adam Cracknell .
1:14 of 2nd period - Shot Misses the Net.
1:16 of 2nd period - Shot by Nicolas Meloche.
1:16 of 2nd period - Shot Blocked by Matt Donovan.
1:18 of 2nd period - Shot by Andy Welinski.
1:18 of 2nd period - Stopped by Mads Sogaard without a rebound.
1:19 of 2nd period - Nick Lappin wins face-off versus Brendan Warren in Wolf Pack zone.
1:19 of 2nd period - Nick Lappin is hit by Brent Gates.
1:32 of 2nd period - Icing by Nicolas Meloche.
1:33 of 2nd period - Ben Holmstrom wins face-off versus Brendan Warren in Barracuda zone.
1:34 of 2nd period - Shot by Brad Richardson.
1:34 of 2nd period - Shot Blocked by Brendan Warren.
1:42 of 2nd period - Shot by Brendan Warren.
1:42 of 2nd period - Shot Hit the Post.
2:04 of 2nd period - Shot by Brendan Warren.
2:04 of 2nd period - Shot Misses the Net.
2:06 of 2nd period - Shot by Andy Welinski.
2:06 of 2nd period - Shot Misses the Net.
2:22 of 2nd period - Shot by Matthew Phillips.
2:22 of 2nd period - Goal by Matthew Phillips - Wolf Pack : 1 - Barracuda : 3.
2:23 of 2nd period - Henri Ikonen wins face-off versus Adam Cracknell in neutral zone.
2:41 of 2nd period - Icing by Robert Bortuzzo.
2:42 of 2nd period - Cole Bardreau wins face-off versus Adam Cracknell in Barracuda zone.
2:59 of 2nd period - Shot by Trent Frederic.
2:59 of 2nd period - Shot Misses the Net.
3:53 of 2nd period - Anatoly Golyshev is hit by Cole Bardreau and loses puck.
4:10 of 2nd period - Shot by Emile Poirier.
4:10 of 2nd period - Stopped by Ken Appleby with a rebound.
5:01 of 2nd period - Shot by Bode Wilde.
5:01 of 2nd period - Shot Misses the Net.
5:03 of 2nd period - Shot by Bode Wilde.
5:03 of 2nd period - Shot Misses the Net.
5:05 of 2nd period - Shot by Alexis D'Aoust.
5:05 of 2nd period - Stopped by Mads Sogaard without a rebound.
5:06 of 2nd period - Adam Cracknell wins face-off versus Nick Lappin in Wolf Pack zone.
5:27 of 2nd period - Shot by Matthew Phillips.
5:27 of 2nd period - Shot Misses the Net.
6:51 of 2nd period - Shot by Alex Dostie.
6:51 of 2nd period - Shot Misses the Net.
7:10 of 2nd period - Andrei Altybarmakyan is hit by Seth Helgeson and loses puck.
8:15 of 2nd period - Shot by Luke Witkowski.
8:15 of 2nd period - Stopped by Ken Appleby without a rebound.
8:16 of 2nd period - Brendan Warren wins face-off versus Ben Holmstrom in Barracuda zone.
8:18 of 2nd period - Icing by Brent Gates.
8:19 of 2nd period - Brendan Warren wins face-off versus Ben Holmstrom in Barracuda zone.
8:19 of 2nd period - Brendan Warren is hit by Brad Richardson.
8:33 of 2nd period - Shot by Brent Gates.
8:33 of 2nd period - Shot Blocked by Matt Donovan.
8:53 of 2nd period - Icing by Brent Gates.
8:54 of 2nd period - Brendan Warren wins face-off versus Henri Ikonen in Barracuda zone.
8:54 of 2nd period - Brendan Warren is hit by Luke Witkowski.
8:57 of 2nd period - Alexis D'Aoust is hit by Henri Ikonen and loses puck.
9:09 of 2nd period - Emile Poirier is hit by Robert Bortuzzo and loses puck.
9:20 of 2nd period - Shot by Emile Poirier.
9:20 of 2nd period - Stopped by Ken Appleby without a rebound.
9:21 of 2nd period - Nick Lappin wins face-off versus Alex Dostie in Barracuda zone.
9:32 of 2nd period - Shot by Henri Ikonen.
9:32 of 2nd period - Stopped by Ken Appleby with a rebound.
10:33 of 2nd period - Trent Frederic is hit by Daniel Walcott and loses puck.
10:40 of 2nd period - Shot by Adam Cracknell .
10:40 of 2nd period - Stopped by Mads Sogaard without a rebound.
10:41 of 2nd period - Brendan Warren wins face-off versus Ben Holmstrom in Wolf Pack zone.
12:06 of 2nd period - Icing by Tyler Wotherspoon.
12:07 of 2nd period - Ben Holmstrom wins face-off versus Adam Cracknell in Wolf Pack zone.
12:36 of 2nd period - Shot by Cole Bardreau.
12:36 of 2nd period - Stopped by Ken Appleby without a rebound.
12:37 of 2nd period - Alex Dostie wins face-off versus Henri Ikonen in Barracuda zone.
12:37 of 2nd period - Alex Dostie is hit by Luke Witkowski.
12:48 of 2nd period - Icing by Alex Dostie.
12:49 of 2nd period - Jeremy Bracco wins face-off versus Alex Dostie in Barracuda zone.
12:49 of 2nd period - Jeremy Bracco is hit by Nicolas Meloche.
12:55 of 2nd period - Shot by Cole Bardreau.
12:55 of 2nd period - Shot Misses the Net.
13:16 of 2nd period - Icing by Kyle Wood.
13:17 of 2nd period - Joe Thornton wins face-off versus Adam Cracknell in Wolf Pack zone.
13:48 of 2nd period - Daniel Walcott is hit by Trent Frederic and loses puck.
13:59 of 2nd period - Shot by Luke Witkowski.
13:59 of 2nd period - Shot Misses the Net.
14:16 of 2nd period - Icing by Daniel Walcott.
14:17 of 2nd period - Luke Witkowski wins face-off versus Brendan Warren in Wolf Pack zone.
14:17 of 2nd period - Luke Witkowski is hit by Alexis D'Aoust.
14:25 of 2nd period - Shot by Henri Ikonen.
14:25 of 2nd period - Deflect By Emile Poirier.
14:25 of 2nd period - Stopped by Ken Appleby without a rebound.
14:26 of 2nd period - Ben Holmstrom wins face-off versus Alex Dostie in Barracuda zone.
14:38 of 2nd period - Off-side.
14:39 of 2nd period - Brendan Warren wins face-off versus Joe Thornton in neutral zone.
15:14 of 2nd period - Shot by Brent Gates.
15:14 of 2nd period - Shot Misses the Net.
15:41 of 2nd period - Shot by Alex Dostie.
15:41 of 2nd period - Shot Hit the Post.
15:49 of 2nd period - Shot by Alex Dostie.
15:49 of 2nd period - Shot Hit the Post.
15:53 of 2nd period - Shot by Alex Dostie.
15:53 of 2nd period - Stopped by Mads Sogaard without a rebound.
15:54 of 2nd period - Henri Ikonen wins face-off versus Adam Cracknell in Wolf Pack zone.
16:18 of 2nd period - Shot by Henri Ikonen.
16:18 of 2nd period - Stopped by Ken Appleby with a rebound.
16:30 of 2nd period - Shot by Luke Witkowski.
16:30 of 2nd period - Stopped by Ken Appleby without a rebound.
16:31 of 2nd period - Ben Holmstrom wins face-off versus Brendan Warren in Barracuda zone.
17:11 of 2nd period - Shot by Andy Welinski.
17:11 of 2nd period - Shot Misses the Net.
17:45 of 2nd period - Shot by Nick Lappin.
17:45 of 2nd period - Shot Blocked by Graham Knott.
18:21 of 2nd period - Kyle Wood is hit by Graham Knott.
18:40 of 2nd period - Robert Bortuzzo is hit by Cole Bardreau and loses puck.
18:50 of 2nd period - Shot by Cole Bardreau.
18:50 of 2nd period - Shot Misses the Net.
19:01 of 2nd period - Icing by Adam Cracknell .
19:02 of 2nd period - Henri Ikonen wins face-off versus Adam Cracknell in Barracuda zone.
19:24 of 2nd period - Luke Witkowski is hit by Scott Harrington.
19:32 of 2nd period - Shot by Tyler Wotherspoon.
19:32 of 2nd period - Shot Blocked by Scott Harrington.
19:51 of 2nd period - Ben Holmstrom is hit by Brent Gates and loses puck.
Goals for this period are 0 for Wolf Pack vs 1 for Barracuda.
Shots for this period are 9 for Wolf Pack vs 7 for Barracuda.

3rd period


0:01 of 3rd period - Henri Ikonen wins face-off versus Adam Cracknell in neutral zone.
0:27 of 3rd period - Shot by Trent Frederic.
0:27 of 3rd period - Shot Misses the Net.
0:33 of 3rd period - Shot by Matthew Phillips.
0:33 of 3rd period - Stopped by Mads Sogaard with a rebound.
0:35 of 3rd period - Shot by Adam Cracknell .
0:35 of 3rd period - Shot Misses the Net.
0:37 of 3rd period - Shot by Matthew Phillips.
0:37 of 3rd period - Shot Hit the Post.
0:39 of 3rd period - Shot by Nicolas Meloche.
0:39 of 3rd period - Shot Misses the Net.
0:57 of 3rd period - Shot by Brent Gates.
0:57 of 3rd period - Stopped by Mads Sogaard without a rebound.
0:58 of 3rd period - Ben Holmstrom wins face-off versus Alex Dostie in Wolf Pack zone.
2:40 of 3rd period - Shot by Cole Bardreau.
2:40 of 3rd period - Shot Misses the Net.
2:48 of 3rd period - Shot by Nicolas Meloche.
2:48 of 3rd period - Shot Misses the Net.
3:00 of 3rd period - Trent Frederic is hit by Kyle Wood and loses puck.
3:29 of 3rd period - Icing by Matt Donovan.
3:30 of 3rd period - Alex Dostie wins face-off versus Henri Ikonen in Wolf Pack zone.
3:37 of 3rd period - Scott Harrington is hit by Luke Witkowski and loses puck.
4:08 of 3rd period - Shot by Emile Poirier.
4:08 of 3rd period - Stopped by Ken Appleby with a rebound.
5:43 of 3rd period - Shot by Matthew Phillips.
5:43 of 3rd period - Shot Misses the Net.
5:53 of 3rd period - Shot by Trent Frederic.
5:53 of 3rd period - Shot Misses the Net.
6:18 of 3rd period - Brent Gates is hit by Tyler Wotherspoon and loses puck.
6:31 of 3rd period - Shot by Alexis D'Aoust.
6:31 of 3rd period - Shot Misses the Net.
7:08 of 3rd period - Minor Penalty to Brad Richardson for Slashing.
7:09 of 3rd period - Adam Cracknell wins face-off versus Henri Ikonen in Wolf Pack zone.
8:00 of 3rd period - Shot by Brendan Warren.
8:00 of 3rd period - Stopped by Mads Sogaard with a rebound.
8:02 of 3rd period - Shot by Brent Gates.
8:02 of 3rd period - Shot Blocked by Matt Donovan.
8:04 of 3rd period - Shot by Brendan Warren.
8:04 of 3rd period - Shot Misses the Net.
9:07 of 3rd period - Off-side.
9:08 of 3rd period - Jordy Bellerive wins face-off versus Joe Thornton in neutral zone.
9:21 of 3rd period - Shot by Joe Thornton.
9:21 of 3rd period - Shot Blocked by Fredrik Olofsson.
9:23 of 3rd period - Shot by Joe Thornton.
9:23 of 3rd period - Goal by Joe Thornton - Wolf Pack : 2 - Barracuda : 3.
9:24 of 3rd period - Alex Dostie wins face-off versus Nick Lappin in neutral zone.
9:32 of 3rd period - Shot by Shane Bowers.
9:32 of 3rd period - Shot Misses the Net.
9:41 of 3rd period - Henri Ikonen is hit by Nicolas Meloche and loses puck.
9:47 of 3rd period - Nick Lappin is hit by Nicolas Meloche and loses puck.
9:53 of 3rd period - Icing by Alex Dostie.
9:54 of 3rd period - Joe Thornton wins face-off versus Alex Dostie in Barracuda zone.
10:26 of 3rd period - Brendan Warren is hit by Kyle Wood and loses puck.
10:33 of 3rd period - Shot by Brent Gates.
10:33 of 3rd period - Stopped by Mads Sogaard without a rebound.
10:34 of 3rd period - Adam Cracknell wins face-off versus Ben Holmstrom in Wolf Pack zone.
10:57 of 3rd period - Seth Helgeson is hit by Adam Cracknell .
11:28 of 3rd period - Off-side.
11:29 of 3rd period - Joe Thornton wins face-off versus Brendan Warren in neutral zone.
11:39 of 3rd period - Shot by Brendan Warren.
11:39 of 3rd period - Stopped by Mads Sogaard without a rebound.
11:40 of 3rd period - Henri Ikonen wins face-off versus Jordy Bellerive in Wolf Pack zone.
11:40 of 3rd period - Henri Ikonen is hit by Jordy Bellerive.
11:48 of 3rd period - Fredrik Olofsson is hit by Luke Witkowski and loses puck.
12:08 of 3rd period - Icing by Kyle Wood.
12:09 of 3rd period - Alexis D'Aoust wins face-off versus Henri Ikonen in Wolf Pack zone.
12:13 of 3rd period - Brent Gates is hit by Kyle Wood and loses puck.
12:14 of 3rd period - Minor Penalty to Kyle Wood for Slashing.
12:15 of 3rd period - Adam Cracknell wins face-off versus Henri Ikonen in Wolf Pack zone.
12:38 of 3rd period - Shot by Adam Cracknell .
12:38 of 3rd period - Stopped by Mads Sogaard without a rebound.
12:39 of 3rd period - Henri Ikonen wins face-off versus Brendan Warren in Wolf Pack zone.
12:39 of 3rd period - Dave Gust is hit by Brent Gates and loses puck.
13:01 of 3rd period - Icing by Nicolas Meloche.
13:02 of 3rd period - Brendan Warren wins face-off versus Henri Ikonen in Barracuda zone.
13:07 of 3rd period - Shot by Andy Welinski.
13:07 of 3rd period - Stopped by Mads Sogaard without a rebound.
13:08 of 3rd period - Adam Cracknell wins face-off versus Henri Ikonen in Wolf Pack zone.
13:36 of 3rd period - Icing by Adam Cracknell .
13:37 of 3rd period - Brad Richardson wins face-off versus Adam Cracknell in Barracuda zone.
14:24 of 3rd period - Shot by Fredrik Olofsson.
14:24 of 3rd period - Shot Misses the Net.
14:26 of 3rd period - Shot by Fredrik Olofsson.
14:26 of 3rd period - Stopped by Mads Sogaard with a rebound.
14:28 of 3rd period - Shot by Fredrik Olofsson.
14:28 of 3rd period - Shot Blocked by Michael Kapla.
14:30 of 3rd period - Shot by Bode Wilde.
14:30 of 3rd period - Deflect By Fredrik Olofsson.
14:30 of 3rd period - Stopped by Mads Sogaard without a rebound.
14:31 of 3rd period - Brendan Warren wins face-off versus Ben Holmstrom in Wolf Pack zone.
14:43 of 3rd period - Brent Gates is hit by Matt Donovan.
15:12 of 3rd period - Icing by Andy Welinski.
15:13 of 3rd period - Brendan Warren wins face-off versus Luke Witkowski in Barracuda zone.
16:15 of 3rd period - Shot by Jeremy Bracco.
16:15 of 3rd period - Shot Blocked by Nicolas Meloche.
16:17 of 3rd period - Shot by Joe Thornton.
16:17 of 3rd period - Stopped by Ken Appleby without a rebound.
16:18 of 3rd period - Adam Cracknell wins face-off versus Ben Holmstrom in Barracuda zone.
16:18 of 3rd period - Adam Cracknell is hit by Brad Richardson.
16:27 of 3rd period - Trent Frederic is hit by Tyler Wotherspoon.
16:30 of 3rd period - Adam Cracknell is hit by Tyler Wotherspoon and loses puck.
17:21 of 3rd period - Michael Kapla is hit by Jordy Bellerive and loses puck.
17:50 of 3rd period - Shot by Nick Lappin.
17:50 of 3rd period - Shot Blocked by Julius Bergman.
18:20 of 3rd period - Andrei Altybarmakyan is hit by Daniel Walcott and loses puck.
19:41 of 3rd period - Wolf Pack, Mads Sogaard is pulled from the net.
19:55 of 3rd period - Anatoly Golyshev is hit by Henri Ikonen and loses puck.
Goals for this period are 1 for Wolf Pack vs 0 for Barracuda.
Shots for this period are 3 for Wolf Pack vs 9 for Barracuda.